 Dungeon Crawl Stone Soup version 0.30.1-8-g117510f58f (webtiles) character file.

Game seed: 16252663945988314961

5406 arthad the Covered (level 10, -6/92 HPs)
             Began as an Armataur Fighter on Sept 22, 2023.
             Was a Priest of Cheibriados.
             Mangled by an orc warrior
             ... wielding a +0 battleaxe
              (15 damage)
             ... on level 8 of the Dungeon.
             The game lasted 00:19:24 (11851 turns).

arthad the Covered (Armataur Fighter)              Turns: 11851, Time: 00:19:25

Health: -6/92      AC: 10    Str: 38 (40) XL:     10   Next: 40%
Magic:  11/14      EV:  8    Int: 11 (17) God:    Cheibriados [***...]
Gold:   48         SH:  5    Dex: 11 (17) Spells: 9/9 levels left

rFire   + . .        I - +2 flail
rCold   + . .        c - +0 buckler
rNeg    . . .        k - +1 ring mail "Ivyarot" {Str+6}
rPois   +            z - +1 helmet
rElec   +            (no cloak)
rCorr   +            (no gloves)
SInv    .            (no barding)
Will    .....        (no amulet)
Stlth   +            m - ring of resist corrosion
HPRegen 0.35/turn    (no ring)
MPRegen 0.14/turn

%: roll
@: resistant, very slow
A: large, rugged brown scales 3, deformed body, armoured tail, roll, long
tongue, awkward tongue
a: Renounce Religion, Bend Time, Temporal Distortion


You were on level 8 of the Dungeon.
You worshipped Cheibriados.
Cheibriados was most pleased with you.
You visited 1 branch of the dungeon, and saw 9 of its levels.

You collected 387 gold pieces.
You spent 339 gold pieces at shops.

Inventory:

Hand Weapons
 a - a +0 flail
 f - a +4 short sword
 h - a +3 war axe
 o - a +2 dire flail
 v - a +3 battleaxe
 F - a +2 whip of venom
 I - a +2 flail (weapon)
Missiles
 r - 14 poisoned darts (quivered)
 A - 2 boomerangs
 H - a throwing net
Armour
 b - a +0 scale mail
 c - a +0 buckler (worn)
 k - the +1 ring mail "Ivyarot" (worn) {Str+6}
   (You bought it in a shop on level 8 of the Dungeon)

   Str:       It affects your strength (+6).
 z - a +1 helmet (worn)
Magical Staves
 e - a staff of air
 l - a staff of conjuration
 L - a staff of cold
Jewellery
 i - a ring of wizardry
 m - a ring of resist corrosion (left hand)
Wands
 d - a wand of quicksilver (13)
 J - a wand of flame (9)
Scrolls
 g - 2 scrolls of immolation
 q - a scroll of summoning
 t - 3 scrolls of fog
 u - 4 scrolls of teleportation
 x - 3 scrolls of enchant armour
 y - 6 scrolls of vulnerability
 G - a scroll of magic mapping {unknown}
Potions
 j - 4 potions of flight
 n - a potion of lignification
 p - 3 potions of resistance
 s - a potion of haste
 w - a potion of brilliance


   Skills:
 * Level 7.1 Fighting
 * Level 6.9 Maces & Flails
 * Level 5.8 Throwing
 + Level 7.2 Armour
 + Level 6.5 Shields
 * Level 6.4 Invocations


You had 9 spell levels left.
You didn't know any spells.
Your spell library contained the following spells:

 Spells                   Type           Power      Damage    Failure   Level
 Apportation              Tloc           0%         N/A       45%         1
 Necrotise                Necr           0%         1d4       45%         1
 Summon Small Mammal      Summ           0%         N/A       45%         1
 Ensorcelled Hibernation  Hex/Ice        0%         N/A       58%         2
 Passwall                 Tmut/Erth      0%         N/A       58%         2
 Inner Flame              Hex/Fire       0%         N/A       83%         3
 Swiftness                Air            0%         N/A       83%         3
 Flame Wave               Conj/Fire      0%         2d4       99%         4
 Sticky Flame             Conj/Fire      0%         2d3       99%         4


Dungeon Overview and Level Annotations

Branches:
Dungeon (9/15)             Temple (0/1) D:5
   Lair: D:8-11         Orc: D:9-12

Altars:
Cheibriados
Dithmenos
Fedhas
Makhleb
Ru
Wu Jian
Xom

Shops:
D:4 (   D:6 *   D:8 *   D:9 :

Portals:
Abyss: D:4

Annotations:
D:2 1 runed translucent door, Crazy Yiuf
D:4 2 transporters, Wiggles's ghost, amateur MiBe
D:7 exclusion: oklob plant


Innate Abilities, Weirdness & Mutations

You are completely covered in rugged brown scales. (AC +3, +7% HP)
Armour fits poorly on your strangely shaped body.
You have a long armoured tail.
You roll when moving toward enemies. (Rampage)
Your long tongue fully drains potion bottles. (2x potion effects)
Your tongue gives you trouble enunciating. (1.5x scroll delay)


Message History

You feel sick. The killer bee closely misses you.
You block the killer bee's attack. The killer bee stings you.
* * * LOW HITPOINT WARNING * * *
The killer bee stings you.
* * * LOW HITPOINT WARNING * * *
Activating: Slouch (13% risk of failure)
Press: ? - help, Dir - look around, f - activate You can feel time thicken for a moment.
You kill the killer bee!
Cheibriados thoroughly appreciates the change of pace.
You kill the killer bee!
Cheibriados thoroughly appreciates the change of pace.
You can no longer inflict damage on those overly hasty.
Cheibriados lowers the support of your attributes as your movement quickens.
You feel sick.
Unknown command.
You feel sick.
You feel sick.
You feel sick.
You feel sick.
You feel sick.
You feel sick.
You feel sick.
You feel sick.
An orc warrior comes into view. It is wielding a +0 battleaxe.
An orc warrior is nearby!
You feel sick.
You are no longer poisoned.
The orc warrior shouts!
You hear a shout! x4
An orc comes into view. It is wielding a +0 club.
There is a stone staircase leading up here.
The orc warrior closely misses you.
You climb upwards.
There is a stone staircase leading down here.
It was a potion of degeneration.
There was something very wrong with that liquid.
You feel weakened.
You feel dopey.
You feel clumsy.
You slurp down every last drop of the potion of degeneration!
The orc warrior hits you with a +0 battleaxe!
You die...

....#####........................
....# #........................
....# #........................
....# #........................
....## #......................#+
.....# ##...........[.........#.
.....# #...........#+##......#.
.....# #...........#..#......##
.....# #......@o...'..#........
....)# #...........#..#<.......
.....# #######[....#..#........
....)# #.....#..#....[... .....#
#.....#..#........ .....#
#.....#+###+####.. .....#
#.....#..##....#.. .....#
#######[....#........#.. .....#
#...........+........#..


You could see an orc warrior.

Vanquished Creatures
  Psyche (D:8)
  A hornet (D:8)
  8 yaks (D:8)
  An acid dragon (D:8)
  2 water moccasins (D:5)
  An orc warrior (D:8)
  2 ice beasts
  A sky beast (D:7)
  A black bear (D:6)
  4 ogres
  2 centaurs (D:6)
  A phantom (D:7)
  A kobold brigand (D:6)
  2 bullfrogs
  4 scorpions
  15 wights
  5 killer bees
  4 howler monkeys
  2 gnoll boudas
  3 hounds
  2 sleepcaps (D:5)
  4 iguanas
  4 orc wizards
  16 gnolls
  10 adders
  2 white imps
  An ufetubus (D:5)
  7 orcs
  4 endoplasms
  5 giant cockroaches
  5 hobgoblins
  4 quokkas
  4 ball pythons
  3 bats
  A frilled lizard (D:1)
  3 goblins (D:1)
  10 kobolds
  4 rats
150 creatures vanquished.

Vanquished Creatures (collateral kills)
  4 killer bees (D:8)
4 creatures vanquished.

Grand Total: 154 creatures vanquished

Notes
Turn   | Place    | Note
-------+----------+-------------------------------------------
     0 | D:1      | arthad the Armataur Fighter began the quest for the Orb.
     0 | D:1      | Reached XP level 1. HP: 19/19 MP: 1/1
   196 | D:1      | Reached XP level 2. HP: 16/26 MP: 2/2
   502 | D:1      | Found a faded altar of an unknown god.
  1108 | D:2      | Reached XP level 3. HP: 32/33 MP: 3/3
  1207 | D:2      | Found a runed translucent door.
  1208 | D:2      | Noticed Crazy Yiuf
  1665 | D:3      | Noticed a scorpion
  1768 | D:3      | Found an ornate altar of the Wu Jian Council.
  1768 | D:3      | Found a snail-covered altar of Cheibriados.
  1775 | D:3      | Found a shadowy altar of Dithmenos.
  1777 | D:3      | Found a shimmering altar of Xom.
  1779 | D:3      | Found a sacrificial altar of Ru.
  1848 | D:3      | Became a worshipper of Cheibriados the Contemplative
  1989 | D:3      | Killed a scorpion
  1990 | D:3      | Reached XP level 4. HP: 26/40 MP: 4/4
  2318 | D:3      | Reached XP level 5. HP: 29/48 MP: 5/5
  2793 | D:4      | Found Odice's Weapon Shop.
  2982 | D:4      | Reached XP level 6. HP: 16/55 MP: 6/6
  3226 | D:4      | Noticed Wiggles's ghost (amateur MiBe)
  3250 | D:3      | Reached skill level 1 in Invocations
  3333 | D:4      | Reached skill level 1 in Throwing
  3568 | D:4      | Found a transporter.
  3572 | D:4      | Found a transporter.
  3572 | D:4      | Found a one-way gate to the infinite horrors of the Abyss.
  3702 | D:4      | Reached * piety under Cheibriados
  3886 | D:5      | Entered Level 5 of the Dungeon
  3962 | D:5      | Found a staircase to the Ecumenical Temple.
  4098 | D:5      | Reached XP level 7. HP: 55/64 MP: 8/8
  4280 | D:5      | Reached skill level 5 in Armour
  4917 | D:5      | Reached XP level 8. HP: 68/71 MP: 10/10
  5072 | D:5      | Reached skill level 5 in Fighting
  5886 | D:6      | Reached skill level 5 in Shields
  6172 | D:6      | Reached skill level 5 in Maces & Flails
  6399 | D:6      | Found Helasugh's Assorted Antiques.
  6420 | D:6      | Bought a scroll labelled FOTEDA MERACS for 24 gold pieces
  6420 | D:6      | Bought a scroll labelled FOTEDA MERACS for 24 gold pieces
  6420 | D:6      | Bought a fuming silvery potion for 21 gold pieces
  6496 | D:6      | Reached ** piety under Cheibriados
  7294 | D:6      | Found a burning altar of Makhleb.
  7308 | D:6      | Reached XP level 9. HP: 47/73 MP: 12/12
  7790 | D:7      | Found a blossoming altar of Fedhas.
  7801 | D:7      | Noticed an oklob plant
  8497 | D:8      | Reached skill level 5 in Invocations
  9033 | D:7      | Reached *** piety under Cheibriados
  9373 | D:8      | HP: 1/79 [yak (12)]
  9941 | D:8      | Noticed Psyche
  9954 | D:8      | Killed Psyche
  9955 | D:8      | Reached skill level 5 in Throwing
 10214 | D:8      | Found Jaubloah's Assorted Antiques.
 10364 | D:8      | Bought a smouldering ring mail for 270 gold pieces
 10364 | D:8      | Identified the +1 ring mail "Ivyarot" {Str+6} (You bought
                  | it in a shop on level 8 of the Dungeon)
 10417 | D:8      | Reached XP level 10. HP: 50/83 MP: 14/14
 10443 | D:8      | HP: 1/87 [yak (9)]
 11582 | D:8      | Reached **** piety under Cheibriados
 11819 | D:9      | Found Haska's Book Shop.
 11851 | D:8      | Mangled by an orc warrior

Illustrated notes

Levels and vault maps discovered:
D:1:      dpeg_arrival_long_road, layout_basic,
          hellmonk_ecumenical_altar_crossroads
D:2:      layout_loops_ring, uniq_crazy_yiuf_cottage
D:3:      layout_loops_corners, chequers_temple_overflow_minitemple
D:4:      layout_rooms, gammafunk_ghost_abyssal_escape, serial_shops,
          shop_statue, kennysheep_path_1
D:5:      layout_layer_cave, temple_statues, st_stairs_13
D:6:      layout_loops_corners, kennysheep_mini, serial_shops, shop_statue,
          skrybe_limestone_x
D:7:      layout_basic, tgw_fedhas
D:8:      layout_gridville, serial_shops, kennysheep_mini_moat, uniq_psyche
D:9:      layout_loops_ring, erik_lair_dragon, hiddenorc1_lemuel,
          nicolae_stop_n_shop_2, uniq_prince_ribbit1

Skill      XL: |  1  2  3  4  5  6  7  8  9 10 |
---------------+-------------------------------+-----
Maces & Flails | 2 3 4 5 6 |  6.9
Fighting       | 3 4 5 6 7 |  7.1
Armour         | 4 5 6 7 |  7.2
Shields        | 4 5 6 |  6.5
Invocations    | 1 3 4 5 6 |  6.4
Throwing       | 1 2 4 5 |  5.8

Action                     |  1- 3 |  4- 6 |  7- 9 | 10-12 || total
---------------------------+-------+-------+-------+-------++-------
  Melee: Flail             |    90 |   111 |   295 |    70 ||   566
         Tailslap          |     7 |    11 |    48 |    13 ||    79
         Short sword       |       |       |    20 |       ||    20
         Whip              |       |       |    15 |       ||    15
  Throw: Boomerang         |       |       |    18 |       ||    18
         Dart              |       |       |    26 |       ||    26
         Throwing net      |       |       |     1 |       ||     1
 Invoke: Slouch            |       |       |       |     1 ||     1
  Evoke: Wand              |       |       |     1 |       ||     1
    Use: Scroll            |     2 |     5 |     9 |     1 ||    17
         Potion            |     1 |     3 |    11 |     5 ||    20
   Stab: Distracted        |       |       |     1 |       ||     1
 Armour: Scale mail        |    56 |    30 |   143 |       ||   229
         Ring mail         |       |       |     6 |    29 ||    35
  Dodge: Dodged            |    30 |    42 |   123 |    26 ||   221
  Block: Buckler           |    12 |    30 |    83 |    23 ||   148
